 Dungeon Crawl Stone Soup version 0.30.1-4-g462c640d31 (webtiles) character file.

Game seed: 18035130069588981529

70 Heoruswealwe the Shooter (level 3, 0/31 HPs)
             Began as a Demigod Hunter on Aug 15, 2023.
             Slain by a centaur (2 damage)
             ... on level 3 of the Dungeon.
             The game lasted 00:09:12 (974 turns).

Heoruswealwe the Shooter (Demigod Hunter)            Turns: 974, Time: 00:09:13

Health: 0/31       AC:  3    Str: 12    XL:     3   Next: 76%
Magic:  14/14      EV: 12    Int: 17    God:
Gold:   108        SH:  0    Dex: 21    Spells: 2/2 levels left

rFire   . . .        a - +0 shortbow
rCold   . . .        (shield currently unavailable)
rNeg    . . .        c - +0 leather armour
rPois   .            (no helmet)
rElec   .            (no cloak)
rCorr   .            (no gloves)
SInv    .            (no boots)
Will    .....        (no amulet)
Stlth   ++           k - +6 ring of intelligence
HPRegen 0.25/turn    j - ring of magical power
MPRegen 0.14/turn

%: no passive effects
@: no status effects
A: high MP 1, forlorn, divine attributes
a: no special abilities


You were on level 3 of the Dungeon.
You visited 1 branch of the dungeon, and saw 3 of its levels.

You collected 108 gold pieces.

Inventory:

Hand Weapons
 a - a +0 shortbow (weapon)
Armour
 c - a +0 leather armour (worn)
Jewellery
 j - a ring of magical power (right hand)
 k - a +6 ring of intelligence (left hand)
Scrolls
 b - a scroll of immolation
 d - a scroll of fog {unknown}
 f - a scroll of fear {unknown}
 i - a scroll of amnesia {unknown}
Potions
 e - 2 potions of brilliance {unknown}
 g - a potion of heal wounds {unknown}
 h - a potion of invisibility {unknown}


   Skills:
 + Level 3.0 Fighting
 + Level 4.4 Ranged Weapons
 - Level 1.7 Dodging
 - Level 0.8 Stealth


You had 2 spell levels left.
You didn't know any spells.
Your spell library was empty.

Dungeon Overview and Level Annotations

Branches:
Dungeon (2/15)


Innate Abilities, Weirdness & Mutations

You have an increased reservoir of magic. (+10% MP)
You shall have no god before yourself.
Your divine heritage dramatically boosts your attributes as you level up.


Message History

Found 11 gold pieces.
A ball python comes into view.
You shoot an arrow. The arrow hits the ball python!
You kill the ball python!
Found 4 gold pieces.
You now have 104 gold pieces (gained 11).
You now have 108 gold pieces (gained 4).
You see here a ball python corpse.
A centaur comes into view.
You shoot an arrow. The arrow hits the centaur.
The centaur shouts!
The centaur is lightly wounded.
The centaur wields a +0 shortbow.
The centaur shoots an arrow.
The arrow hits you!
The centaur shoots an arrow.
The arrow hits you!
You are too injured to fight recklessly!
You are too injured to fight recklessly!
Fire: a) +0 shortbow
Press: ? - help, Q - select action Shift-Dir - straight line, f/p - centaur
Aim: a centaur, wielding a +0 shortbow (lightly wounded, 75% to hit)
You shoot an arrow. The arrow hits the centaur.
The centaur is moderately wounded.
Fire: a) +0 shortbow
Press: ? - help, Q - select action Shift-Dir - straight line, f/p - centaur
Aim: a centaur, wielding a +0 shortbow (moderately wounded, 75% to hit)
You shoot an arrow. The arrow hits the centaur!
The centaur is severely wounded.
The centaur unwields a +0 shortbow.
The centaur completely misses you. The centaur kicks you. The centaur hits you.
* * * LOW HITPOINT WARNING * * *
The centaur kicks you.
* * * LOW HITPOINT WARNING * * *
Fire: a) +0 shortbow
Press: ? - help, Q - select action Shift-Dir - straight line, f/p - centaur
Aim: a centaur (severely wounded, 75% to hit)
You shoot an arrow. The arrow hits the centaur.
The centaur is severely wounded.
The centaur closely misses you. The centaur barely misses you.
The centaur hits you but does no damage.
The centaur kicks you.
You die...

#####################
..........#.#..c@...#
####.#.#†.#.#.##.##.#
)..#..#.#.#.# #.#
##.#........####.####
.†.########.........#
..## ####.###### ###
#..# ...## #.##


You could see a centaur.

Vanquished Creatures
  2 adders (D:2)
  A dart slug (D:1)
  5 ball pythons
  5 bats (D:1)
  A giant cockroach (D:1)
  4 goblins
  7 hobgoblins
  8 jackals
  2 quokkas (D:1)
  2 frilled lizards (D:1)
  4 kobolds
  3 rats
44 creatures vanquished.

Notes
Turn   | Place    | Note
-------+----------+-------------------------------------------
     0 | D:1      | Heoruswealwe the Demigod Hunter began the quest for the
                  | Orb.
     0 | D:1      | Reached XP level 1. HP: 17/17 MP: 3/3
   175 | D:1      | Reached XP level 2. HP: 24/24 MP: 4/4
   284 | D:1      | Reached skill level 4 in Ranged Weapons
   584 | D:2      | Reached XP level 3. HP: 15/30 MP: 5/5
   843 | D:2      | You fall into a shaft and drop 1 floor!
   970 | D:3      | Noticed a centaur
   974 | D:3      | Slain by a centaur

Illustrated notes

Levels and vault maps discovered:
D:1:      shiori_shiawase, layout_basic
D:2:      layout_rooms, shapermc_ecumenical_altar_notcrosses, uniq_jessica
D:3:      minmay_thinvault, layout_rooms, uniq_crazy_yiuf_cottage, uniq_terence

Skill      XL: |  1  2  3 |
---------------+----------+-----
Fighting       | 2 3 |  3.0
Ranged Weapons | 4 |  4.4
Dodging        | |  1.7
Stealth        | |  0.8

Action                     || total
---------------------------++-------
   Fire: Shortbow          ||    96
 Armour: Leather armour    ||    15
  Dodge: Dodged            ||    58
